 Dungeon Crawl Stone Soup version 0.27-a0-216-g1fbed8a51c (webtiles) character file.

Game seed: 15766593844039927053

120 iamserjio the Skirmisher (level 5, -8/47 HPs)
             Began as a Gnoll Abyssal Knight on Jan 31, 2021.
             Was a Follower of Lugonu.
             Killed by nerve-wracking pain
             ... invoked by a shadow imp
              (11 damage)
             ... on level 4 of the Dungeon.
             The game lasted 00:03:36 (596 turns).

iamserjio the Skirmisher (Gnoll Abyssal Knight)      Turns: 596, Time: 00:03:37

Health: -8/47      AC:  8    Str: 11    XL:     5   Next: 4%
Magic:  17/17      EV:  9    Int: 13    God:    Lugonu [*.....]
Gold:   89         SH:  3    Dex: 11    Spells: 6/6 levels left

rFire    . . .     SeeInvis +   a - +1 falchion
rCold    . . .     Faith    .   d - +0 buckler
rNeg     . . .     Spirit   .   p - +0 scale mail
rPois    .         Reflect  .   (no helmet)
rElec    .         Harm     .   (no cloak)
rCorr    .         Rampage  .   r - +0 pair of gloves
Will     .....                  (no boots)
Stlth    ..........             (no amulet)
HPRegen  0.15/turn              l - ring of magical power
MPRegen  0.15/turn              s - ring of see invisible

@: berserk cooldown, slowed, very slow
A: distributed training, fangs 1, strong nose
a: Renounce Religion, Depart the Abyss


You were on level 4 of the Dungeon.
You worshipped Lugonu.
Lugonu was aware of your devotion.
You visited 1 branch of the dungeon, and saw 4 of its levels.
You visited the Abyss 1 time.

You collected 89 gold pieces.

Inventory:

Hand Weapons
 a - a +1 falchion (weapon)
 i - a +0 dagger
 k - a +0 short sword of holy wrath
Missiles
 q - 25 arrows
Armour
 b - a +0 leather armour
 d - a +0 buckler (worn)
 f - a +0 ring mail
 p - a +0 scale mail (worn)
 r - a +0 pair of gloves (worn)
Jewellery
 l - a ring of magical power (left hand)
 s - a ring of see invisible (right hand)
Scrolls
 c - 3 scrolls of remove curse {unknown}
 e - 2 scrolls of identify {unknown}
 j - a scroll of magic mapping {unknown}
 m - a scroll of blinking {unknown}
Potions
 h - a potion of mutation {unknown}
 n - a potion of haste {unknown}
 o - a potion of curing {unknown}


   Skills:
 + Level 6.6 Fighting
 + Level 1.3 Short Blades
 + Level 4.7 Long Blades
 + Level 1.3 Axes
 + Level 1.3 Maces & Flails
 + Level 1.3 Polearms
 + Level 1.3 Staves
 + Level 1.3 Slings
 + Level 1.3 Bows
 + Level 1.3 Crossbows
 + Level 1.3 Throwing
 + Level 4.7 Armour
 + Level 2.8 Dodging
 + Level 1.3 Stealth
 + Level 1.3 Shields
 + Level 1.3 Unarmed Combat
 + Level 1.3 Spellcasting
 + Level 1.0 Conjurations
 + Level 1.0 Hexes
 + Level 1.0 Summonings
 + Level 1.0 Necromancy
 + Level 1.0 Translocations
 + Level 1.0 Transmutations
 + Level 1.0 Fire Magic
 + Level 1.0 Ice Magic
 + Level 1.0 Air Magic
 + Level 1.0 Earth Magic
 + Level 1.0 Poison Magic
 + Level 4.8 Invocations
 + Level 1.3 Evocations


You had 6 spell levels left.
You didn't know any spells.
Your spell library was empty.

Dungeon Overview and Level Annotations

Branches:
Dungeon (4/15)
 Temple: D:4-7

Altars:
Ashenzari
Gozag
Yredelemnul


Innate Abilities, Weirdness & Mutations

Your experience applies equally to all skills.
You have very sharp teeth.
Your uncanny sense of smell can sniff out nearby items.


Message History

The jackal barely misses you.
You riposte.
You hit the jackal but do no damage. The jackal barely misses you.
You slash the jackal!
You kill the jackal!
Why would you want to do that?
You open the door.
Found a stone staircase leading up.
A shadow imp comes into view.
The shadow imp gestures at you. Pain shoots through your body!
* * * LOW HITPOINT WARNING * * *
There is an open door here.
The shadow imp shouts, "Escape, thou jarring nose-picking skainsmate!"
The shadow imp gestures at you.
You barely resist.
You hit the shadow imp but do no damage.
The shadow imp barely misses you. The shadow imp gestures at you.
Pain shoots through your body!
You die...

..#≈.....≈#
##.#§..§..≈#
###≈.....≈#
#≈..≈..§#
#§.....≈#
#§≈≈.≈≈≈#
####'####
#.#..#.#
#.@....#
#..5......
#.........
#..<......
#.........
#.........
#.........
#......###


You could see a shadow imp.

Vanquished Creatures
  A bullfrog (D:4)
  2 adders (D:2)
  A worm (D:2)
  2 leopard geckos
  2 orcs (D:3)
  A ball python (D:2)
  3 bats
  3 goblins
  4 hobgoblins
  4 jackals
  7 kobolds
  3 frilled lizards (D:3)
  2 rats
35 creatures vanquished.

Notes
Turn   | Place    | Note
-------+----------+-------------------------------------------
     0 | Abyss:1  | iamserjio the Gnoll Abyssal Knight began the quest for the
                  | Orb.
     0 | Abyss:1  | Reached XP level 1. HP: 23/23 MP: 3/3
    82 | Abyss:1  | Noticed a chaos spawn
    83 | D:1      | Escaped the Abyss
   179 | D:1      | Reached * piety under Lugonu
   180 | D:1      | Reached XP level 2. HP: 6/29 MP: 5/5
   327 | D:2      | Reached XP level 3. HP: 16/35 MP: 6/6
   334 | D:2      | Found a broken altar of Ashenzari.
   380 | D:2      | Found a basalt altar of Yredelemnul.
   381 | D:2      | Found an opulent altar of Gozag.
   435 | D:2      | Reached skill level 1 in Short Blades
   435 | D:2      | Reached skill level 1 in Axes
   435 | D:2      | Reached skill level 1 in Maces & Flails
   435 | D:2      | Reached skill level 1 in Polearms
   435 | D:2      | Reached skill level 1 in Staves
   435 | D:2      | Reached skill level 1 in Slings
   435 | D:2      | Reached skill level 1 in Bows
   435 | D:2      | Reached skill level 1 in Crossbows
   435 | D:2      | Reached skill level 1 in Throwing
   435 | D:2      | Reached skill level 1 in Stealth
   435 | D:2      | Reached skill level 1 in Shields
   435 | D:2      | Reached skill level 1 in Unarmed Combat
   435 | D:2      | Reached skill level 1 in Spellcasting
   435 | D:2      | Reached skill level 1 in Evocations
   547 | D:3      | Reached XP level 4. HP: 7/41 MP: 7/7
   569 | D:4      | Noticed a bullfrog
   578 | D:4      | Killed a bullfrog
   579 | D:4      | Reached skill level 1 in Conjurations
   579 | D:4      | Reached skill level 1 in Hexes
   579 | D:4      | Reached skill level 1 in Summonings
   579 | D:4      | Reached skill level 1 in Necromancy
   579 | D:4      | Reached skill level 1 in Translocations
   579 | D:4      | Reached skill level 1 in Transmutations
   579 | D:4      | Reached skill level 1 in Fire Magic
   579 | D:4      | Reached skill level 1 in Ice Magic
   579 | D:4      | Reached skill level 1 in Air Magic
   579 | D:4      | Reached skill level 1 in Earth Magic
   579 | D:4      | Reached skill level 1 in Poison Magic
   579 | D:4      | Reached XP level 5. HP: 11/47 MP: 8/8
   593 | D:4      | HP: 2/47 [shadow imp/nerve-wracking pain (8)]
   596 | D:4      | Killed from afar by a shadow imp

Illustrated notes

Levels and vault maps discovered:
D:1:      minmay_arrival_four_houses, layout_loops_ring, minmay_hexomino_r4
D:2:      layout_basic, nicolae_qazlal_style_of_elements,
          gammafunk_temple_overflow_pools, evilmike_ruin_ashenzari
D:3:      layout_rooms, lemuel_crystal_altar, ebering_ghost_sewer_d
D:4:      layout_basic, kennysheep_mini_moat, kennysheep_generic_room_11,
          uniq_natasha

Skill      XL: |  1  2  3  4 |
---------------+-------------+-----
Short Blades   | 1 |  1.3
Axes           | 1 |  1.3
Maces & Flails | 1 |  1.3
Polearms       | 1 |  1.3
Staves         | 1 |  1.3
Slings         | 1 |  1.3
Bows           | 1 |  1.3
Crossbows      | 1 |  1.3
Throwing       | 1 |  1.3
Stealth        | 1 |  1.3
Shields        | 1 |  1.3
Unarmed Combat | 1 |  1.3
Spellcasting   | 1 |  1.3
Evocations     | 1 |  1.3
Conjurations   | 1 |  1.0
Hexes          | 1 |  1.0
Summonings     | 1 |  1.0
Necromancy     | 1 |  1.0
Translocations | 1 |  1.0
Transmutations | 1 |  1.0
Fire Magic     | 1 |  1.0
Ice Magic      | 1 |  1.0
Air Magic      | 1 |  1.0
Earth Magic    | 1 |  1.0
Poison Magic   | 1 |  1.0
Fighting       | |  6.6
Long Blades    | |  4.7
Armour         | |  4.7
Dodging        | |  2.8
Invocations    | |  4.8

Action                   |  1- 3 |  4- 6 || total
-------------------------+-------+-------++-------
Melee: Falchion          |    95 |     7 ||   102
       Bite              |     3 |       ||     3
Invok: Depart the Abyss  |     1 |       ||     1
  Use: Potion            |       |     1 ||     1
Armor: Ring mail         |    33 |       ||    33
       Scale mail        |     5 |     1 ||     6
Dodge: Dodged            |    46 |     9 ||    55
Block: Buckler           |    16 |       ||    16
       Rpst.: Falchion   |    18 |     2 ||    20

Table legend: (Time is in decaauts)
 A = Elapsed time spent in this place.
 B = Non-inter-level travel time spent in this place.
 C = Inter-level travel time spent in this place.
 D = Time resting spent in this place.
 E = Time spent auto-exploring this place.
 F = Levels seen in this place.
 G = Mean time per level.
                   A        B        C        D        E       F      G
               +--------+--------+--------+--------+--------+-----+--------+
         Total |    613 |    604 |      9 |      0 |      0 |   5 |  122.6 |
       Dungeon |    530 |    521 |      9 |      0 |      0 |   4 |  132.5 |
         Abyss |     83 |     83 |      0 |      0 |      0 |   1 |   83.0 |
               +--------+--------+--------+--------+--------+-----+--------+

Top non-repeatable levels by time:
     D:1: 205 daAuts
     D:2: 174 daAuts
     D:3: 117 daAuts
 Abyss:1: 83 daAuts
     D:4: 33 daAuts
